Map: Deathaura LE

Players

Stats - Winner!

  • Race: Protoss Protoss
  • Spawn Location: 5:00

ShoWTimE

  • Race: Protoss Protoss
  • Spawn Location: 11:00

Event: War Chest Team League

VOD

Have the link to the VOD?

Description

Time

  • Played on: July 24, 2020, 12:17 p.m.
  • Length: 26:56
Show
View Real Time Build Order
Export as new Build Order

Stats Protoss - Winner!

Build Orders: Phoenix Opening, Carriers 

Get SALT Encoding   

  12  0:01  Probe  
  13  0:13  Probe  
  14  0:19  Pylon  
  14  0:25  Probe  
  15  0:33  Probe  
  15  0:38  Gateway  
  15  0:41  Probe  
  16  0:46  Assimilator  
  17  0:51  Probe  
  17  0:54  Assimilator  
  18  1:00  Probe  
  19  1:07  Gateway  
  19  1:08  Probe  
  19  1:17  Probe  
  20  1:25  Cybernetics Core  
  21  1:30  Probe  
  22  1:34  Pylon  
  22  1:42  Probe  
  23  1:51  Warp Gate  
  23  1:54  Probe  
  24  2:01  Stalker x2  
  28  2:11  Pylon  
  28  2:23  Pylon  
  28  2:35  Sentry x2  
  32  2:44  Nexus  
  32  2:57  Probe  
  33  3:01  Stalker  
  33  3:02  Sentry  
  36  3:08  Pylon  
  36  3:09  Probe, Phoenix  
  37  3:18  Shield Battery  
  37  3:21  Probe  
  38  3:35  Probe  
  38  3:40  Stalker x2  
  43  3:44  Probe  
  44  3:52  Probe  
  44  3:54  Probe  
  46  4:03  Probe x2  
  46  4:04  Adept x2  
  52  4:12  Forge  
  52  4:15  Twilight Council, Probe  
  52  4:16  Probe  
  53  4:21  Protoss Ground Weapons Level 1  
  53  4:24  Assimilator  
  54  4:28  Probe  
  54  4:29  Probe  
  56  4:40  Probe  
  55  4:47  Blink, Probe  
  55  4:51  Pylon  
  55  4:52  Probe  
  53  4:53  Phoenix  
  53  4:59  Gateway  
  53  5:00  Gateway, Sentry  
  53  5:01  Probe  
  53  5:04  Probe  
  57  5:13  Gateway  
  57  5:14  Pylon  
  57  5:17  Probe x2  
  59  5:22  Sentry  
  61  5:28  Nexus  
  61  5:31  Pylon  
  61  5:39  Stalker  
  61  5:42  Probe x2  
  65  5:48  Stalker  
  67  5:54  Stalker x2  
  67  5:56  Pylon  
  71  6:00  Probe x2  
  71  6:03  Phoenix  
  73  6:04  Pylon, Protoss Ground Weapons Level 2  
  73  6:14  Pylon  
  73  6:16  Probe x2  
  75  6:23  Stalker x4  
  83  6:34  Charge, Probe x2  
  83  6:39  Shield Battery  
  85  6:40  Probe  
  85  6:42  Stalker  
  88  6:52  Stalker  
  88  6:53  Stalker, Zealot  
  88  6:54  Zealot  
  96  6:58  Probe  
  96  6:59  Probe x2  
  97  7:16  Stalker x3  
  97  7:18  Stalker, Zealot  
  107  7:22  Pylon  
  107  7:24  Pylon  
  107  7:25  Assimilator x2, Probe  
  107  7:26  Probe  
  109  7:31  Robotics Facility  
  109  7:36  Probe  
  96  7:51  Zealot x5  
  104  7:57  Gateway, Probe x3  
  107  7:58  Gateway  
  107  8:03  Gateway  
  107  8:05  Photon Cannon, Pylon  
  107  8:10  Pylon  
  107  8:11  Observer  
  107  8:13  Assimilator  
  107  8:14  Zealot x5  
  118  8:23  Warp Prism  
  118  8:27  Pylon  
  118  8:33  Pylon  
  120  8:40  Pylon  
  120  8:45  Templar Archives  
  120  8:48  Zealot x5  
  130  8:54  Zealot x2  
  134  8:58  Photon Cannon  
  134  9:02  Photon Cannon  
  134  9:05  Pylon  
  134  9:18  Zealot  
  134  9:19  Zealot x2  
  134  9:20  Zealot  
  142  9:26  Zealot x4  
  150  9:35  Phoenix  
  148  9:48  Protoss Ground Weapons Level 3  
  146  9:54  High Templar x4  
  146  9:55  High Templar x4  
  158  10:06  Archon x3  
  156  10:07  Archon  
  156  10:09  Nexus  
  156  10:13  Robotics Bay  
  156  10:14  Robotics Facility, Warp Prism  
  156  10:20  Gateway  
  158  10:21  Pylon  
  158  10:23  Gateway  
  158  10:25  Pylon  
  140  10:51  Colossus x2  
  140  10:56  Extended Thermal Lance, Zealot x8  
  156  11:12  Shield Battery  
  156  11:14  Photon Cannon  
  156  11:19  Shield Battery  
  156  11:20  Probe x3  
  156  11:22  Probe  
  156  11:23  High Templar x2  
  156  11:24  High Templar x2  
  168  11:28  Archon x2  
  168  11:30  Colossus  
  168  11:31  Colossus  
  168  11:32  Probe x3  
  171  11:34  Probe  
  172  11:44  Probe x3  
  172  11:46  Probe  
  188  11:47  Dark Shrine  
  188  11:54  Zealot x5  
  188  11:56  Probe  
  188  11:58  Assimilator  
  199  12:02  Assimilator  
  199  12:06  Pylon  
  199  12:07  Pylon  
  199  12:25  Photon Cannon, Nexus  
  199  12:26  Shield Battery  
  199  12:28  Observer  
  199  12:30  Photon Cannon  
  199  12:40  Gateway, Protoss Shields Level 1  
  199  12:42  Gateway  
  199  12:45  Gateway  
  195  12:55  Stalker x5  
  199  13:09  Gravitic Boosters  
  197  13:15  Observer x2  
  193  13:30  Photon Cannon  
  193  13:34  Photon Cannon  
  193  13:35  Assimilator  
  193  13:37  Assimilator  
  183  13:44  Disruptor x2  
  187  13:53  Zealot x7  
  197  13:55  Zealot x2  
  183  14:06  Gravitic Drive  
  183  14:07  Cybernetics Core  
  183  14:08  Stargate  
  183  14:16  Zealot x5  
  183  14:17  Zealot x7  
  179  14:20  Disruptor x2  
  159  14:51  Zealot x3  
  159  14:52  Zealot x9  
  143  14:56  Disruptor x2  
  137  15:02  Protoss Air Weapons Level 1  
  137  15:03  Protoss Air Armor Level 1  
  137  15:12  Fleet Beacon  
  137  15:18  Dark Templar x2  
  141  15:27  High Templar x4  
  149  15:28  Stalker x3  
  149  15:31  Stalker  
  149  15:32  Archon x2  
  157  15:40  Dark Templar  
  159  15:43  Stalker, Mothership  
  161  15:51  Observer x2  
  171  16:09  Protoss Shields Level 2  
  169  16:19  Stalker x7  
  169  16:25  Stalker x3  
  187  16:39  Zealot x2  
  190  16:57  Protoss Air Weapons Level 2  
  190  16:58  Protoss Air Armor Level 2  
  184  17:09  Stargate  
  184  17:12  Stargate  
  184  17:16  Stargate  
  184  17:19  Stalker x5  
  184  17:20  Stalker  
  184  17:22  Nexus  
  196  17:23  Pylon, High Templar x2  
  196  17:29  Archon  
  192  17:59  Observer x2  
  194  18:06  Shield Battery  
  194  18:08  Shield Battery  
  194  18:10  Photon Cannon  
  194  18:12  Photon Cannon  
  194  18:14  Photon Cannon  
  194  18:15  Photon Cannon  
  194  18:16  Photon Cannon  
  194  18:19  Pylon  
  183  18:51  Carrier x3  
  183  18:55  Carrier  
  184  19:04  Zealot x5  
  184  19:05  Zealot x3  
  200  19:14  Observer  
  200  19:16  Nexus  
  198  19:17  Pylon  
  176  19:37  Zealot x11  
  176  19:38  Protoss Air Weapons Level 3, Zealot  
  192  19:39  Protoss Air Armor Level 3  
  182  19:49  Carrier  
  182  19:50  Carrier  
  182  19:52  Carrier  
  197  20:08  Photon Cannon  
  197  20:10  Carrier  
  196  20:42  High Templar x4  
  199  20:44  Shield Battery  
  199  20:45  Shield Battery  
  199  20:46  Archon x2  
  199  20:48  Photon Cannon  
  199  20:50  Photon Cannon  
  199  20:54  Protoss Shields Level 3  
  199  20:55  Observer  
  200  21:10  Unknown  
  200  21:13  Unknown  
  198  21:31  Warp Prism  
  171  21:51  Stalker x5  
  171  21:52  Stalker x6  
  171  21:53  Stalker  
  194  22:16  Nexus  
  168  22:47  Pylon  
  168  22:49  Pylon  
  168  22:51  Pylon  
  162  22:53  High Templar x4  
  162  22:54  High Templar x4  
  174  23:00  Archon x3  
  174  23:01  Archon  
  144  24:27  Pylon  
  144  25:17  Observer  
  137  26:01  Pylon  
  137  26:13  Assimilator  
  137  26:15  Nexus  
Show
View Real Time Build Order
Export as new Build Order

ShoWTimE Protoss 

Build Orders: Phoenix Opening, Blink Stalkers 

Get SALT Encoding   

  12  0:00  Probe  
  13  0:12  Probe  
  14  0:17  Pylon  
  14  0:24  Probe  
  15  0:32  Probe  
  15  0:37  Gateway  
  15  0:40  Probe  
  16  0:45  Assimilator  
  17  0:51  Probe  
  17  0:54  Assimilator  
  18  1:00  Probe  
  19  1:08  Gateway, Probe  
  19  1:17  Probe  
  20  1:24  Cybernetics Core  
  21  1:29  Probe  
  22  1:34  Pylon  
  22  1:41  Probe  
  23  1:52  Warp Gate  
  23  1:53  Probe  
  24  2:00  Stalker  
  24  2:01  Stalker  
  28  2:05  Probe  
  29  2:14  Pylon  
  29  2:23  Pylon  
  29  2:31  Sentry  
  29  2:32  Sentry  
  33  2:46  Probe, Nexus  
  34  2:54  Probe  
  34  2:57  Sentry  
  37  3:03  Shield Battery, Probe  
  37  3:04  Phoenix  
  37  3:11  Pylon  
  38  3:15  Probe  
  39  3:29  Probe  
  40  3:34  Twilight Council  
  40  3:40  Stalker  
  40  3:41  Probe  
  43  3:50  Forge  
  43  3:53  Probe  
  43  3:54  Phoenix  
  43  3:55  Blink  
  44  3:56  Stalker  
  44  3:57  Probe  
  47  4:05  Probe x2  
  49  4:12  Protoss Ground Weapons Level 1  
  49  4:13  Probe  
  49  4:17  Probe  
  51  4:26  Stalker  
  51  4:27  Probe  
  51  4:30  Shield Battery  
  54  4:33  Shield Battery  
  54  4:37  Probe  
  55  4:40  Probe  
  55  4:41  Stalker  
  58  4:45  Phoenix  
  58  4:49  Probe  
  58  4:51  Robotics Facility  
  59  4:53  Assimilator, Probe  
  59  4:55  Assimilator, Pylon  
  60  5:01  Probe  
  61  5:08  Pylon  
  61  5:18  Probe x2  
  61  5:20  Gateway x2  
  63  5:30  Probe  
  63  5:31  Pylon  
  63  5:32  Stalker x2  
  68  5:36  Phoenix  
  68  5:39  Observer  
  68  5:41  Pylon  
  69  5:51  Probe  
  69  5:52  Probe  
  69  5:54  Protoss Ground Weapons Level 2  
  71  6:00  Stalker x2  
  71  6:01  Nexus  
  75  6:06  Probe  
  76  6:12  Probe  
  76  6:16  Stalker x2  
  81  6:24  Probe  
  81  6:25  Probe  
  83  6:31  Stalker x2  
  87  6:34  Warp Prism  
  87  6:37  Probe x2  
  91  6:42  Stalker  
  91  6:46  Pylon  
  91  6:56  Stalker  
  91  6:57  Shield Battery  
  93  7:05  Stalker x3  
  97  7:13  Immortal  
  95  7:16  Shield Battery  
  95  7:22  Stalker  
  97  7:28  Stalker x3  
  103  7:30  Probe  
  103  7:31  Probe x2  
  104  7:43  Immortal  
  94  7:46  Stalker  
  90  7:51  Stalker x3  
  90  7:54  Charge  
  90  7:58  Protoss Ground Weapons Level 3  
  100  7:59  Gateway  
  100  8:00  Gateway  
  100  8:02  Probe x3  
  103  8:09  Assimilator  
  103  8:11  Assimilator  
  103  8:14  Probe x3  
  106  8:21  Stalker x2, Pylon  
  106  8:23  Stalker  
  112  8:27  Zealot  
  112  8:28  Probe  
  112  8:29  Probe  
  116  8:36  Photon Cannon, Pylon  
  116  8:44  Photon Cannon  
  116  8:45  Sentry x2  
  116  8:46  Sentry  
  122  8:52  Photon Cannon  
  122  9:03  Stalker  
  122  9:04  Stalker x2  
  122  9:05  Pylon  
  122  9:07  Observer  
  122  9:09  Shield Battery  
  128  9:16  Gateway  
  128  9:19  Zealot x2  
  128  9:22  Pylon  
  132  9:26  Stalker  
  132  9:27  Stalker x2  
  138  9:35  Stalker  
  138  9:37  Pylon  
  140  9:42  Zealot  
  140  9:43  Zealot  
  144  9:56  Pylon, Nexus  
  144  10:03  Robotics Bay  
  144  10:05  Pylon  
  144  10:07  Robotics Facility, Pylon  
  143  10:12  Pylon  
  143  10:17  Stalker x4  
  151  10:22  Zealot  
  151  10:27  Shield Battery  
  153  10:30  Probe x3  
  156  10:47  Disruptor x2, Zealot x7  
  156  10:51  Protoss Shields Level 1  
  156  11:02  Photon Cannon, Probe x2  
  156  11:03  Probe  
  163  11:11  Gateway  
  163  11:13  Gateway  
  163  11:14  Sentry x2, Probe  
  163  11:16  Disruptor x2  
  163  11:17  Probe  
  175  11:29  Photon Cannon  
  175  11:30  Zealot x3  
  175  11:32  Pylon  
  181  11:36  Dark Shrine  
  181  11:47  Probe x2  
  181  11:48  Probe x2  
  181  11:50  Pylon  
  181  11:51  Stalker x3  
  191  11:58  Disruptor x2  
  195  12:10  Probe  
  195  12:12  Photon Cannon  
  195  12:15  Photon Cannon  
  196  12:17  Photon Cannon  
  196  12:21  Photon Cannon  
  196  12:27  Pylon  
  196  12:33  Disruptor  
  196  12:35  Pylon  
  199  12:39  Disruptor  
  199  12:42  Gateway  
  199  12:43  Nexus  
  199  12:48  Zealot x3  
  199  12:49  Zealot  
  195  12:57  Dark Templar x4  
  199  13:01  Protoss Shields Level 2  
  199  13:05  Assimilator  
  199  13:34  Assimilator  
  199  13:39  Zealot x2  
  194  13:48  Stalker x3  
  190  13:58  Disruptor  
  190  13:59  Disruptor  
  190  14:02  Zealot x4  
  188  14:04  Stalker  
  170  14:18  Zealot x3  
  165  14:25  Stalker x4  
  169  14:31  Disruptor  
  166  14:40  Stalker x4  
  166  14:41  Disruptor  
  149  14:57  Shadow Stride  
  149  14:59  Stalker x4  
  146  15:07  Disruptor  
  146  15:10  Probe  
  150  15:16  Dark Templar x4, Nexus  
  150  15:17  Disruptor  
  161  15:22  Pylon  
  161  15:26  Nexus  
  161  15:28  Dark Templar x4  
  169  15:29  Pylon  
  169  15:30  Gravitic Boosters  
  169  15:31  Protoss Shields Level 3  
  169  15:39  Pylon  
  169  15:43  Observer  
  165  15:50  Photon Cannon  
  165  15:53  Observer  
  165  15:54  Stalker x4  
  173  16:05  Observer  
  173  16:07  Stalker x2  
  173  16:08  Stalker x2  
  182  16:15  Photon Cannon, Observer  
  182  16:17  Photon Cannon  
  183  16:22  Photon Cannon, Dark Templar  
  183  16:23  Shield Battery  
  181  16:35  Assimilator  
  181  16:37  Stalker x6, Assimilator  
  193  16:40  Photon Cannon  
  191  16:56  Stalker x2  
  189  17:03  Dark Templar x2  
  193  17:08  Zealot x3  
  193  17:14  Photon Cannon  
  199  17:15  Photon Cannon  
  199  17:17  Photon Cannon  
  199  17:20  Shield Battery  
  199  17:23  Pylon  
  191  17:46  Dark Templar x4  
  198  18:08  Nexus  
  198  18:09  Pylon  
  198  18:14  Pylon  
  198  18:18  Stargate  
  190  18:29  Protoss Ground Armor Level 1, Stalker x4  
  190  18:30  Stalker x2  
  200  18:36  Photon Cannon  
  200  18:37  Photon Cannon  
  200  18:39  Photon Cannon  
  200  18:41  Photon Cannon  
  200  18:43  Photon Cannon  
  192  18:55  Dark Templar  
  192  18:56  Dark Templar x3  
  192  19:02  Stalker x4  
  198  19:09  Oracle  
  180  19:28  Dark Templar x2  
  180  19:29  Zealot x6  
  156  19:51  Dark Templar x6  
  168  19:55  Shield Battery  
  158  20:02  Stalker x2  
  162  20:19  Gateway  
  162  20:21  Gateway  
  162  20:29  Nexus  
  162  20:33  Zealot x2  
  162  20:34  Zealot x6  
  178  20:42  Unknown  
  178  20:45  Pylon  
  178  20:49  Fleet Beacon  
  176  20:52  Unknown  
  176  20:53  Stargate  
  176  20:57  Stalker x6  
  170  20:58  Stargate  
  170  21:00  Probe x2  
  182  21:10  Disruptor x2  
  188  21:19  Stalker  
  188  21:20  Stalker  
  192  21:26  Zealot x3  
  188  21:42  Oracle  
  163  21:50  Stalker x6  
  174  22:04  Stalker x2  
  130  22:45  Stalker x7  
  120  23:36  Nexus  
  113  24:38  Nexus  
  93  25:31  Assimilator  
Tags
 
Add a new tag
Caveats
  • Supply blocks, unpowered buildings, or Contaminate may cause inaccurate times.
  • Supply counts are checked every 10 seconds.